 Dungeon Crawl Stone Soup version 0.29-a0-330-g52719c12eb (webtiles) character file.

Game seed: 8954830929289071942

112 spaghetti the Shield-Bearer (level 4, 0/35 HPs)
             Began as a Demonspawn Fighter on Apr 12, 2022.
             Slain by a sky beast (5 damage)
             ... on level 3 of the Dungeon.
             The game lasted 00:03:19 (2542 turns).

spaghetti the Shield-Bearer (Demonspawn Fighter)    Turns: 2542, Time: 00:03:19

Health: 0/35       AC:  7    Str: 16    XL:     4   Next: 64%
Magic:  4/4        EV:  9    Int: 10    God:
Gold:   125        SH:  5    Dex: 14    Spells: 3/3 levels left

rFire   . . .      SeeInvis .   a - +0 long sword {long}
rCold   . . .      Faith    .   c - +0 buckler
rNeg    . . .      Spirit   .   b - +0 scale mail
rPois   .          Reflect  .   (helmet restricted)
rElec   .          Harm     .   (no cloak)
rCorr   .          Rampage  .   (no gloves)
Will    .....                   h - +0 pair of boots
Stlth   ..........              q - amulet of regeneration {@e2}
HPRegen 0.91/turn               (no ring)
MPRegen 0.09/turn               (no ring)

@: hasted, very quick
A: horns 1, powered by death 1
a: no special abilities


You were on level 3 of the Dungeon.
You visited 1 branch of the dungeon, and saw 3 of its levels.

You collected 125 gold pieces.


Innate Abilities, Weirdness & Mutations

You have a pair of small horns on your head.
You regenerate a little health from kills.


   Skills:
 - Level 3.0 Fighting
 - Level 1.7 Long Blades
 + Level 1.9 Throwing
 - Level 2.6 Armour
 + Level 1.6 Dodging
 + Level 4.0 Shields


You had 3 spell levels left.
You didn't know any spells.
Your spell library contained the following spells:

 Spells                   Type           Power      Damage    Failure   Level
 Call Canine Familiar     Summ           0%         N/A       99%         3
 Portal Projectile        Hex/Tloc       0%         N/A       99%         3
 Leda's Liquefaction      Hex/Erth       0%         N/A       100%        4

Inventory:

Hand Weapons
 a - a +0 long sword (weapon) {long}
Missiles
 d - a throwing net {=f!fthrowing}
 e - 71 stones (quivered) {throwing}
 s - 5 poisoned darts {throwing}
Armour
 b - a +0 scale mail (worn)
 c - a +0 buckler (worn)
 h - a +0 pair of boots (worn)
   (You found it on level 1 of the Dungeon)
Magical Staves
 j - a staff of fire {!astaff}
   (You found it on level 1 of the Dungeon)
Jewellery
 q - an amulet of regeneration (around neck) {@e2}
   (You found it on level 2 of the Dungeon)
Wands
 t - a wand of flame (18)
   (You took it off Ijyb on level 3 of the Dungeon)
Scrolls
 f - 2 scrolls of identify {unknown}
 i - 2 scrolls of teleportation {unknown}
 k - a scroll of noise {unknown}
 l - a scroll of amnesia {unknown}
 m - a scroll of brand weapon {unknown}
 r - a scroll of blinking {unknown}
Potions
 g - a potion of cancellation
 p - a potion of resistance {unknown}
 u - a potion of curing {unknown}

Dungeon Overview and Level Annotations

Branches:
Dungeon (3/15)

Altars:
Elyvilon
Kikubaaqudgha

Shops:
D:3

( #.# #.# #.#
###.# #...#
#.########
#....†...##### #
########.♣...##.##
♣.∩.♣.@{..#
#.♣######## #.#
..# ####


There were no monsters in sight!


Message History

Key pressed, stopping explore.
i - 2 scrolls labelled UNKUSIASEL (gained 1) Key pressed, stopping explore.
Key pressed, stopping explore.
No target in view!
No target in view!
You now have 96 gold pieces (gained 12).
Found a faded altar of an unknown god.
You now have 112 gold pieces (gained 16).
u - a green potion A hobgoblin comes into view.
The hobgoblin shouts!
A rat comes into view.
You block the hobgoblin's attack.
You slash the hobgoblin!
You kill the hobgoblin!
You hit the rat but do no damage. The rat barely misses you.
You block the rat's attack.
You hit the rat. Your headbutt misses the rat. The rat barely misses you.
You hit the rat.
You kill the rat!
No target in view!
No target in view!
No target in view!
No target in view!
No target in view!
No target in view!
No target in view!
Things that are here:
a rat corpse; a hobgoblin corpse
Found Gamafuiv's Weapon Shop.
You now have 125 gold pieces (gained 13).
There is an entrance to Gamafuiv's Weapon Shop here.
A sky beast comes into view.
A sky beast is nearby!
A sky beast is nearby!
A sky beast is nearby!
A sky beast is nearby!
You hit the sky beast but do no damage. You block the sky beast's attack.
You slash the sky beast! You block the sky beast's attack.
You closely miss the sky beast.
The sky beast hits you but does no damage. x2
You barely miss the sky beast.
The sky beast hits you but does no damage.
You hit the sky beast but do no damage. Your headbutt misses the sky beast.
The sky beast closely misses you.
You hit the sky beast. The sky beast barely misses you.
The sky beast hits you but does no damage.
You barely miss the sky beast. You headbutt the sky beast!
The sky beast barely misses you.
You miss the sky beast. The sky beast completely misses you.
You closely miss the sky beast.
The sky beast hits you but does no damage.
You block the sky beast's attack.
You closely miss the sky beast. The sky beast hits you.
The sky beast shocks you.
You are too injured to fight recklessly! 😕 HP[-8]
You take 8 damage, and now have 27/35 hp.
MASSIVE DAMAGE!! (PAUSE)
You hit the sky beast.
The sky beast hits you but does no damage. 😕 HP[+1]
You hit the sky beast.
You headbutt the sky beast, but do no damage.
The sky beast hits you but does no damage.
The sky beast hits you. The sky beast shocks you. 😮 HP[-9]
You take 9 damage, and now have 19/35 hp.
MASSIVE DAMAGE!! (PAUSE)
You hit the sky beast.
The sky beast flickers out of sight!
Deactivating autopickup; reactivate with Ctrl-A.
Something hits you but does no damage. 😮 HP[+1]
You barely miss something. Something hits you. Something shocks you.
* * * LOW HITPOINT WARNING * * *
😨 HP[-8]
You take 8 damage, and now have 12/35 hp.
MASSIVE DAMAGE!! (PAUSE)
You closely miss something.
A sky beast appears from thin air!
Reactivating autopickup.
The sky beast closely misses you. The sky beast hits you.
* * * LOW HITPOINT WARNING * * *
The sky beast shocks you.
* * * LOW HITPOINT WARNING * * *
😱 HP[-6]
You take 6 damage, and now have 6/35 hp.
It was a potion of mutation.
You feel extremely strange.
You feel stupid.
You feel clever.
The sky beast flickers out of sight!
Deactivating autopickup; reactivate with Ctrl-A.
Something hits you but does no damage. 😱 HP[+1] It was a potion of cancellation.
You feel magically purged.
Something hits you but does no damage. 😱 HP[+1] It was a potion of haste.
You feel yourself speed up. Something hits you.
* * * LOW HITPOINT WARNING * * *
Something shocks you.
You die...

Skill      XL: |  1  2  3  4 |
---------------+-------------+-----
Shields        | 3 4 |  4.0
Throwing       | 1 |  1.9
Dodging        | 1 |  1.6
Fighting       | |  3.0
Long Blades    | |  1.7
Armour         | |  2.6

Action                   |  1- 3 |  4- 6 || total
-------------------------+-------+-------++-------
Melee: Long sword        |    96 |    38 ||   134
       Headbutt          |       |     8 ||     8
Throw: Stone             |    14 |       ||    14
  Use: Potion            |     1 |     3 ||     4
Armor: Scale mail        |    64 |    15 ||    79
Dodge: Dodged            |    46 |    10 ||    56
Block: Buckler           |    29 |     7 ||    36

Levels and vault maps discovered:
D:1:      minmay_arrival_doors, layout_loops_ring, st_stairs_4
D:2:      layout_basic, basic_altar
D:3:      layout_basic, elyvilon_altar_1, serial_shops, nicolae_shop_trees,
          dreamdust_ecumenical_altar_statues, uniq_ijyb

Notes
Turn   | Place    | Note
-------+----------+-------------------------------------------
     0 | D:1      | spaghetti the Demonspawn Fighter began the quest for the
                  | Orb.
     0 | D:1      | Reached XP level 1. HP: 18/18 MP: 1/1
     0 | D:1      | magus.rc [v1.9.6]
   138 | D:1      | Reached skill level 3 in Shields
   343 | D:1      | Gained mutation: You regenerate a little health from kills.
                  | [demonic ancestry]
   343 | D:1      | Reached XP level 2. HP: 24/24 MP: 2/2
  1054 | D:2      | Reached skill level 1 in Throwing
  1054 | D:2      | Reached XP level 3. HP: 29/29 MP: 3/3
  1055 | D:2      | Found an ancient bone altar of Kikubaaqudgha.
  1217 | D:2      | You pick up a book of the Hunter and begin reading...
  1217 | D:2      | You add the spells Call Canine Familiar, Portal Projectile
                  | and Leda's Liquefaction to your library.
  1464 | D:2      | Reached skill level 1 in Dodging
  1464 | D:2      | HP: 6/29 [gnoll/+0 spear (4)]
  1469 | D:2      | HP: 7/29 [gnoll/+0 spear (1)]
  1472 | D:2      | You feel monstrous as your demonic heritage exerts itself.
  1472 | D:2      | Discovered your monstrous ancestry.
  1472 | D:2      | Gained mutation: You have a pair of small horns on your
                  | head. [demonic ancestry]
  1472 | D:2      | Reached XP level 4. HP: 11/35 MP: 4/4
  2119 | D:3      | Noticed Ijyb
  2128 | D:3      | Killed Ijyb
  2154 | D:3      | Reached skill level 4 in Shields
  2451 | D:3      | Found a faded altar of an unknown god.
  2514 | D:3      | Found Gamafuiv's Weapon Shop.
  2523 | D:3      | Noticed a sky beast
  2539 | D:3      | HP: 6/35 [sky beast (5)]
  2540 | D:3      | Gained mutation: You are dopey. (Int -2) [potion of
                  | mutation]
  2540 | D:3      | Lost mutation: You are dopey. (Int -2) [potion of mutation]
  2542 | D:3      | Slain by a sky beast

Vanquished Creatures
  Ijyb (D:3)
  4 gnolls (D:2)
  An adder (D:2)
  A worm (D:2)
  A dart slug (D:1)
  3 ball pythons (D:1)
  6 bats (D:1)
  2 endoplasms
  A giant cockroach (D:2)
  A goblin (D:3)
  5 hobgoblins
  3 kobolds (D:1)
  2 frilled lizards
  4 rats
35 creatures vanquished.

Table legend:
 A = Non-vault XP
 B = Vault XP
 C = Vault XP percentage of total XP
 D = Non-vault monster count
 E = Vault monster count
 F = Vault count percentage of total count
                 A         B        C        D         E       F
            +---------+---------+-------+---------+---------+-------
      Total |     122 |      39 |  24.2 |      33 |       2 |   5.7
            +---------+---------+-------+---------+---------+-------
        D:1 |      31 |       1 |   3.1 |      19 |       1 |   5.0
        D:2 |      84 |       0 |   0.0 |      10 |       0 |   0.0
        D:3 |       7 |      38 |  84.4 |       4 |       1 |  20.0
            +---------+---------+-------+---------+---------+-------

Illustrated notes

Table legend:
 A = Kills in this place as a percentage of kills in entire the game.
 B = Kills by you in this place as a percentage of kills by you in the entire game.
 C = Kills by friends in this place as a percentage of kills by friends in the entire game.
 D = Other kills in this place as a percentage of other kills in the entire game.
 E = Experience gained in this place as a percentage of experience gained in the entire game.
 F = Experience gained in this place divided by the number of levels of this place that you have seen.
                   A       B       C       D       E      F
               +-------+-------+-------+-------+-------+----------------------
         Total | 100.0 | 100.0 |   N/A |   N/A | 100.0 |  53.7
       Dungeon | 100.0 | 100.0 |   N/A |   N/A | 100.0 |  53.7
               +-------+-------+-------+-------+-------+----------------------

Table legend: (Time is in decaauts)
 A = Elapsed time spent in this place.
 B = Non-inter-level travel time spent in this place.
 C = Inter-level travel time spent in this place.
 D = Time resting spent in this place.
 E = Time spent auto-exploring this place.
 F = Levels seen in this place.
 G = Mean time per level.
                   A        B        C        D        E       F      G
               +--------+--------+--------+--------+--------+-----+--------+
         Total |   2591 |   2551 |     40 |    778 |   1416 |   3 |  863.7 |
       Dungeon |   2591 |   2551 |     40 |    778 |   1416 |   3 |  863.7 |
               +--------+--------+--------+--------+--------+-----+--------+

Top non-repeatable levels by time:
     D:1: 1018 daAuts
     D:2: 992 daAuts
     D:3: 581 daAuts
